 Dungeon Crawl Stone Soup version 0.24.0 (webtiles) character file.

Game seed: 13970647115443579559, levelgen mode: deterministic

375 Carrick the Magician (level 6, 0/51 HPs)
             Began as a Draconian Wanderer on Mar 4, 2020.
             Was a Follower of the Shining One.
             Slain by a wight
             ... wielding a +2 halberd
              (8 damage)
             ... on level 6 of the Dungeon on Mar 10, 2020.
             The game lasted 00:39:17 (4970 turns).

Carrick the Magician (Draconian Wanderer)           Turns: 4970, Time: 00:39:17

Health: 0/51       AC:  8    Str: 15    XL:     6   Next: 44%
Magic:  11/12      EV: 13    Int: 15    God:    the Shining One [*.....]
Gold:   267        SH:  3    Dex: 12    Spells: 11/13 levels left

rFire    . . .     SeeInvis .   r - +0 flail
rCold    . . .     Gourm    .   (no shield)
rNeg     . . .     Faith    .   (armour unavailable)
rPois    .         Spirit   .   (helmet restricted)
rElec    .         Reflect  +   (no cloak)
rCorr    .         Harm     .   g - +0 pair of gloves
MR       .....                  l - +0 pair of boots
Stlth    +.........             n - +3 amulet of reflection
HPRegen  0.17/turn              c - +3 ring of dexterity
MPRegen  0.13/turn              (no ring)

@: glowing, lightly drained
A: unfitting armour, cold-blooded, AC +6
a: Renounce Religion


You were on level 6 of the Dungeon.
You worshipped the Shining One.
The Shining One was aware of your devotion.
You were very hungry.

You visited 2 branches of the dungeon, and saw 7 of its levels.

You collected 267 gold pieces.

Inventory:

Hand Weapons
 a - a +1 club
 r - a +0 flail (weapon)
Missiles
 m - 4 datura-tipped darts (quivered)
Armour
 g - a +0 pair of gloves (worn)
 l - a +0 pair of boots (worn)
Jewellery
 c - a +3 ring of dexterity (left hand)
 j - an uncursed ring of fire {Fire resist cold weak}
 n - a +3 amulet of reflection (around neck)
Wands
 o - a wand of disintegration (7)
 q - a wand of digging (3)
Scrolls
 b - 3 scrolls of teleportation
 d - a scroll of remove curse
 s - a scroll of identify
Potions
 e - a potion of invisibility {unknown}
 f - a potion of curing {unknown}
 h - a potion of flight {unknown}
 i - 2 potions of magic {unknown}
 k - 2 potions of mutation
 p - a potion of might {unknown}


   Skills:
 + Level 3.0(2.6) Fighting
 + Level 3.2(2.8) Maces & Flails
   Level 2.6(2.3) Bows
 * Level 3.0(2.7) Dodging
 - Level 1.0(0.6) Stealth
 + Level 4.1(3.7) Spellcasting
 + Level 1.1(0.8) Conjurations
 + Level 1.2(0.9) Summonings
 + Level 1.0(0.6) Evocations


You had 11 spell levels left.
You knew the following spells:

 Your Spells              Type           Power        Failure   Level  Hunger
a - Magic Dart            Conj           #...         13%         1    None
b - Summon Small Mammal   Summ           #...         13%         1    None

Your spell library contained the following spells:

 Spells                   Type           Power        Failure   Level  Hunger
 Call Imp                 Summ           #.......     19%         2    ##.....
 Blink                    Tloc           N/A          28%         2    ##.....
 Slow                     Hex            #.......     28%         2    ##.....
 Call Canine Familiar     Summ           #.......     36%         3    ###....
 Conjure Flame            Conj/Fire      #.......     43%         3    ###....
 Summon Guardian Golem    Hex/Summ       #.......     43%         3    ###....
 Mephitic Cloud           Conj/Pois/Air  #.......     45%         3    ###....
 Summon Ice Beast         Ice/Summ       #.......     83%         4    ####...
 Summon Lightning Spire   Summ/Air       #.......     83%         4    ####...


Dungeon Overview and Level Annotations

Branches:
Dungeon (6/15)             Temple (1/1) D:4

Altars:
Ashenzari
Elyvilon
Fedhas
Hepliaklqana
Makhleb
Nemelex Xobeh
Okawaru
Qazlal
Ru
Vehumet
Wu Jian
Yredelemnul
Zin
The Shining One

Shops:
D:6 *

Annotations:
D:2 Robin


Innate Abilities, Weirdness & Mutations

Your plain brown scales are hard. (AC +6)
You cannot fit into any form of body armour.
You are cold-blooded and may be slowed by cold attacks.


Message History

You feel drained.
Your bat hits the wight. Something closely misses your bat.
Your bat misses the wight.
Your bat hits the wight but does no damage. x2
Your bat barely misses the wight.
Aiming: Disintegrate
Press: ? - help, Shift-Dir - straight line, f - wight
Aim: a wight, wielding a +2 halberd and wearing a +0 robe (lightly damaged, chance to defeat MR: 68%)
The wight struggles to resist.
Your bat barely misses the wight.
Your magical contamination has completely faded away.
Your bat barely misses the wight.
Your bat misses the wight. Your bat hits the wight.
The wight hits you from afar with a +2 halberd.
* * * LOW HITPOINT WARNING * * *
Your bat hits the wight but does no damage.
Your bat barely misses the wight.
The wight hits you from afar with a +2 halberd!
You die...

#.# #.# ## ##.# #.#
#. .#.# ########)#
#.#...# #...b....#
... .# #b########
#.# .##.# #z#
##.##.##.# #.#
###......#.#####@#
.......#.....#...#
#.#........#.....##
#....##...###.....#
###..##...#⌠_..∩..#
...###...###.....#
#.### #.<..#.....##
.. #.........## .
#.........#


You could see a wight and a friendly bat.

Vanquished Creatures
  An ogre (D:4)
  A scorpion (D:4)
  2 wights (D:6)
  A hound (D:4)
  An iguana (D:4)
  A worker ant (D:4)
  A hound skeleton (D:4)
  An adder (D:4)
  4 worms
  2 dart slugs (D:1)
  2 leopard geckos (D:4)
  2 orcs
  2 ball pythons
  7 giant cockroaches
  9 goblins
  10 hobgoblins
  5 kobolds
  3 quokkas (D:2)
  5 bats
  2 frilled lizards
  8 rats
  4 fungi (D:1)
74 creatures vanquished.

Vanquished Creatures (collateral kills)
  A hobgoblin (D:3)
1 creature vanquished.

Vanquished Creatures (others)
  5 toadstools (D:1)
5 creatures vanquished.

Grand Total: 80 creatures vanquished

Notes
Turn   | Place    | Note
-------+----------+-------------------------------------------
     0 | D:1      | Carrick the Draconian Wanderer began the quest for the Orb.
     0 | D:1      | Carrick set off with the following items: a +0 club, a
                  | scroll of teleportation, a ration; and the following spell
                  | memorised: Magic Dart; and the following spells available
                  | to memorise: Blink, Call Imp, Slow, Conjure Flame, Mephitic
                  | Cloud
     0 | D:1      | Reached XP level 1. HP: 17/17 MP: 4/4
    47 | D:1      | Reached XP level 2. HP: 19/24 MP: 1/6
   500 | D:1      | Found a glowing golden altar of the Shining One.
   507 | D:1      | Became a worshipper of the Shining One
   950 | D:2      | Reached XP level 3. HP: 4/30 MP: 1/8
  1331 | D:2      | Noticed Robin
  1787 | D:2      | Reached skill level 1 in Dodging
  2038 | D:2      | Found a white marble altar of Elyvilon.
  2040 | D:2      | Found a radiant altar of Vehumet.
  2162 | D:2      | Reached skill level 1 in Conjurations
  2406 | D:2      | Found a basalt altar of Yredelemnul.
  2676 | D:3      | Reached skill level 1 in Maces & Flails
  2714 | D:3      | Reached XP level 4. HP: 37/37 MP: 7/9
  2909 | D:3      | Learned a level 1 spell: Summon Small Mammal
  3713 | D:4      | Reached XP level 5. HP: 42/42 MP: 10/10
  3817 | D:4      | Noticed an ogre
  3836 | D:4      | Killed an ogre
  4025 | D:4      | Reached skill level 4 in Spellcasting
  4233 | D:4      | Reached * piety under the Shining One
  4381 | D:4      | Found a staircase to the Ecumenical Temple.
  4391 | Temple   | Entered the Ecumenical Temple
  4575 | D:4      | Reached XP level 6. HP: 42/50 MP: 12/12
  4647 | D:4      | Reached skill level 1 in Summonings
  4862 | D:5      | Entered Level 5 of the Dungeon
  4883 | D:5      | You fall into a shaft and drop 1 floor!
  4901 | D:6      | Found Zin's Purification Station.
  4904 | D:6      | Found a glowing silver altar of Zin.
  4970 | D:6      | Slain by a wight

Levels and vault maps discovered:
D:1:      dpeg_arrival_radiant, layout_rooms, minmay_gold_behind_fungi,
          tso_altar
D:2:      layout_basic, overflow_temple_1_default, minitemple, uniq_robin
D:3:      layout_loops_ring
D:4:      layout_gridville, minmay_temple_entry_enclosed_plants
D:5:      layout_basic, nicolae_ossuary_entry_monument,
          gammafunk_ghost_mausoleum, first_ration, basic_altar
D:6:      layout_loops_ring, grunt_dithmenos_smoke, zin_purify
Temple:   eino_temple_lava
